 Dungeon Crawl Stone Soup version 0.27-a0-1147-gb3d8e82157 (webtiles) character file.

Game seed: 13357030378304425644

820 dickylongcocking the Magician (level 7, -4/52 HPs)
             Began as a Djinni Fire Elementalist on May 11, 2021.
             Killed from afar by Ijyb (12 damage)
             ... with an iceblast
             ... on level 5 of the Dungeon.
             The game lasted 00:05:48 (7701 turns).

dickylongcocking the Magician (DjFE)                Turns: 7701, Time: 00:05:48

Health: -4/52      AC:  8    Str:  7    XL:     7   Next: 95%
Gold:   189        EV: 11    Int: 25    God:
                   SH:  0    Dex: 13

rFire    + + .     SeeInvis .   t - +0 falchion
rCold    x . .     Faith    .   (no shield)
rNeg     . . .     Spirit   .   m - +0 leather armour
rPois    ∞         Reflect  .   h - +0 helmet
rElec    .         Harm     .   (no cloak)
rCorr    .         Rampage  .   (no gloves)
Will     .....                  (boots unavailable)
Stlth    ++........             (no amulet)
HPRegen  0.17/turn              r - +6 ring of intelligence
MPRegen  0.00/turn              p - +4 ring of protection

@: flying
A: sickness immunity, fire resistance 2, cold vulnerability 1, float, innate
caster, hp casting, extra vitality 1
a: no special abilities


You were on level 5 of the Dungeon.
You visited 1 branch of the dungeon, and saw 5 of its levels.

You collected 189 gold pieces.

Inventory:

Hand Weapons
 b - a +0 short sword
 l - a +0 broad axe
 t - a +0 falchion (weapon)
Missiles
 j - 6 atropa-tipped darts
Armour
 a - a +0 robe
 h - a +0 helmet (worn)
 m - a +0 leather armour (worn)
Jewellery
 p - a +4 ring of protection (right hand)
 r - a +6 ring of intelligence (left hand)
Wands
 x - a wand of charming (10)
Scrolls
 d - 2 scrolls of summoning {unknown}
 e - a scroll of blinking {unknown}
 f - a scroll of fear {unknown}
 g - 3 scrolls of teleportation
 i - 2 scrolls of enchant armour
 s - a scroll of amnesia {unknown}
 u - a scroll of magic mapping {unknown}
 w - a scroll of identify
Potions
 c - a potion of might
 k - a potion of degeneration {unknown}
 n - a potion of lignification {unknown}
 o - a potion of attraction {unknown}
 q - a potion of flight {unknown}
 v - 2 potions of cancellation {unknown}
 z - a potion of haste {unknown}
 A - a potion of curing {unknown}


   Skills:
 + Level 4.2 Fighting
 - Level 2.5 Dodging
 - Level 1.9 Stealth
 * Level 6.5 Spellcasting


You couldn't memorise any spells.
You knew the following spells:

 Your Spells              Type           Power      Damage    Failure   Level
a - Foxfire               Conj/Fire      100%       2x1d9     1%          1
b - Conjure Flame         Conj/Fire      41%        6-21      2%          3
c - Inner Flame           Hex/Fire       41%        N/A       2%          3
d - Sticky Flame          Conj/Fire      41%        2d6       7%          4
e - Fireball              Conj/Fire      20%        3d10      21%         5
f - Apportation           Tloc           82%        N/A       1%          1
g - Static Discharge      Conj/Air       41%        N/A       1%          2
h - Call Canine Familiar  Summ           41%        N/A       2%          3
Your spell library was empty.

Dungeon Overview and Level Annotations

Branches:
Dungeon (5/15)
 Temple: D:4-7

Altars:

Annotations:
D:3 3 runed translucent doors, rz's ghost, amateur GnVM
D:4 2 transporters, shoop's ghost, novice HOFi
D:5 Ijyb


Innate Abilities, Weirdness & Mutations

You are immune to sickness and miasma.
You are immune to poison.
Your flesh is very heat resistant. (rF++)
You are vulnerable to cold. (rC-)
You float through the air rather than walking.
You learn spells naturally, not from books.
Your magical power is your life essence.
You have superior vitality. (+4 HP)


Message History

Press: ? - help, Shift-Dir - straight line, f/p - scorpion zombie
Aim: a scorpion zombie (heavily damaged, covered in liquid flames, 100% to hit)
The sticky flame hits the scorpion zombie but does no damage.
The scorpion zombie is heavily damaged.
The scorpion zombie is covered in liquid flames!
The scorpion zombie burns!
The scorpion zombie closely misses you.
The scorpion zombie burns!
You see here a scorpion corpse.
The scorpion zombie burns!
Found a leather armour.
The scorpion zombie burns!
You destroy the scorpion zombie!
Ijyb the Twisted Goblin comes into view.
She is wielding a +0 dagger and carrying a wand of iceblast (5).
Casting: Sticky Flame (dangerous; 7% risk of failure)
Confirm with . or Enter, or press ? or * to list all spells.
You conjure some foxfire!
Ijyb shouts!
* * * LOW HITPOINT WARNING * * *
You hear a shout! x2
A gnoll comes into view. It is wielding a +0 club.
Ijyb zaps a wand.
The mass of ice explodes!
The iceblast engulfs your foxfire! The iceblast engulfs you!
You feel a painful chill!
* * * LOW HITPOINT WARNING * * *
The iceblast engulfs your foxfire!
You hear a shout! x2
Unknown command.
Unknown command.
Unknown command.
Unknown command.
Your foxfire dissipates!
The foxfire hits the gnoll.
The gnoll is lightly wounded.
Unknown command.
Unknown command.
You see here a scorpion corpse.
Unknown command.
Your magical contamination has completely faded away.
Ijyb zaps a wand.
The mass of ice explodes!
The iceblast engulfs you!
You feel a painful chill!
You die...

### ..# ..#
############ ..#
#..........# ..#
#..........# ###
#..........#
#..........# #######
#..........#
(.....######..##@#####
..<...#......###.###
.....)#......# #...#
......#......# #...#
......#......# #...#
........>...####...#
............#..g..##
......#######.##..#
......# ####.#...###


You could see Ijyb.

Vanquished Creatures
  Sigmund (D:2)
  A water moccasin (D:5)
  A centaur (D:5)
  A water moccasin zombie (D:5)
  2 scorpions
  A water moccasin skeleton (D:4)
  An orc priest (D:3)
  2 iguanas (D:4)
  A scorpion zombie (D:5)
  An orc wizard (D:3)
  7 adders
  A shadow imp (D:5)
  2 worms
  3 dart slugs
  8 orcs
  5 endoplasms
  2 giant cockroaches
  4 hobgoblins
  7 kobolds
  4 quokkas
  8 ball pythons
  7 bats
  A frilled lizard (D:3)
  5 goblins
  4 rats
80 creatures vanquished.

Vanquished Creatures (collateral kills)
  2 ball pythons (D:4)
  A foxfire (D:1)
3 creatures vanquished.

Vanquished Creatures (others)
  278 foxfires
  10 plants (D:3)
288 creatures vanquished.

Grand Total: 371 creatures vanquished

Notes
Turn   | Place    | Note
-------+----------+-------------------------------------------
     0 | D:1      | dickylongcocking the Djinni Fire Elementalist began the
                  | quest for the Orb.
     0 | D:1      | Reached XP level 1. HP: 15/15 MP: 0/0
   632 | D:1      | Reached skill level 3 in Spellcasting
   687 | D:1      | Reached XP level 2. HP: 14/21 MP: 0/0
   915 | D:1      | Found a faded altar of an unknown god.
  1341 | D:2      | Reached XP level 3. HP: 14/25 MP: 0/0
  1341 | D:2      | Learned a level 1 spell: Apportation
  1822 | D:2      | Reached XP level 4. HP: 23/31 MP: 0/0
  2094 | D:2      | Noticed Sigmund
  3073 | D:2      | Reached skill level 4 in Spellcasting
  3382 | D:2      | Killed Sigmund
  3383 | D:2      | Reached XP level 5. HP: 28/38 MP: 0/0
  3383 | D:2      | Learned a level 2 spell: Static Discharge
  3489 | D:3      | Reached XP level 6. HP: 43/43 MP: 0/0
  3804 | D:3      | Reached skill level 5 in Spellcasting
  4626 | D:3      | Found a runed translucent gate.
  4627 | D:3      | Found a runed translucent gate.
  4628 | D:3      | Found a runed translucent gate.
  4644 | D:3      | Noticed rz's ghost (amateur GnVM)
  4745 | D:4      | Found a transporter.
  4745 | D:4      | Noticed shoop's ghost (novice HOFi)
  4751 | D:4      | Found a transporter.
  5512 | D:4      | Reached XP level 7. HP: 24/50 MP: 0/0
  5512 | D:4      | Learned a level 3 spell: Call Canine Familiar
  5954 | D:5      | Entered Level 5 of the Dungeon
  7041 | D:5      | Reached skill level 6 in Spellcasting
  7688 | D:5      | Noticed Ijyb
  7701 | D:5      | Killed from afar by Ijyb

Illustrated notes

Levels and vault maps discovered:
D:1:      ebering_trefoil_3fold, layout_basic,
          shapermc_ecumenical_altar_mp_urbaneastern, minmay_misc_feat_columns
D:2:      kennysheep_big_flooded_room, layout_loops_cross, uniq_sigmund
D:3:      wad_lake_hut, layout_basic, gammafunk_ghost_necromancy,
          chequers_serial_rivers_room_a, kennysheep_generic_room_3
D:4:      layout_basic, gammafunk_ghost_arena
D:5:      layout_rooms, uniq_ijyb

Skill      XL: |  1  2  3  4  5  6  7 |
---------------+----------------------+-----
Spellcasting   | 3 4 5 6 |  6.5
Fighting       | 2 3 4 |  4.2
Dodging        | |  2.5
Stealth        | |  1.9

Action                   |  1- 3 |  4- 6 |  7- 9 || total
-------------------------+-------+-------+-------++-------
Melee: Short sword       |     8 |    15 |       ||    23
       Broad axe         |       |    19 |     6 ||    25
       Falchion          |       |       |     9 ||     9
 Cast: Foxfire           |    64 |    96 |    19 ||   179
       Sticky Flame      |       |     3 |     9 ||    12
       Call Canine Famil |       |       |     4 ||     4
       Conjure Flame     |       |       |     1 ||     1
  Use: Scroll            |       |     4 |       ||     4
       Potion            |       |     1 |     1 ||     2
Armor: Robe              |     9 |    10 |       ||    19
       Leather armour    |       |     5 |    10 ||    15
Dodge: Dodged            |    18 |    49 |    37 ||   104
       Rpst.: Falchion   |       |       |     9 ||     9

Table legend: (Time is in decaauts)
 A = Elapsed time spent in this place.
 B = Non-inter-level travel time spent in this place.
 C = Inter-level travel time spent in this place.
 D = Time resting spent in this place.
 E = Time spent auto-exploring this place.
 F = Levels seen in this place.
 G = Mean time per level.
                   A        B        C        D        E       F      G
               +--------+--------+--------+--------+--------+-----+--------+
         Total |   7727 |   7499 |    228 |   2088 |   4584 |   5 | 1545.4 |
       Dungeon |   7727 |   7499 |    228 |   2088 |   4584 |   5 | 1545.4 |
               +--------+--------+--------+--------+--------+-----+--------+

Top non-repeatable levels by time:
     D:4: 2255 daAuts
     D:1: 1970 daAuts
     D:2: 1517 daAuts
     D:3: 1256 daAuts
     D:5: 728 daAuts
